 Dungeon Crawl Stone Soup version 0.21-a0-227-g58a7c62 (webtiles) character file.

191 Gorglomux the Magician (level 5, 0/37 HPs)
             Began as a Gnoll Transmuter on Aug 30, 2017.
             Slain by p0werm0de's ghost (7 damage)
             ... on level 3 of the Dungeon.
             The game lasted 00:06:45 (3362 turns).

Gorglomux the Magician (Gnoll Transmuter)           Turns: 3362, Time: 00:06:46

Health: 0/37       AC:  3    Str:  7    XL:     5   Next: 70%
Magic:  1/13       EV: 12    Int:  7    God:
Gold:   198        SH:  0    Dex:  7    Spells: 4/15 levels left

rFire    . . .     SeeInvis .     - Unarmed
rCold    . . .     Gourm    .   (shield currently unavailable)
rNeg     . . .     Faith    .   b - +0 robe
rPois    +         Spirit   .   (no helmet)
rElec    .         Reflect  .   (no cloak)
rCorr    .         Harm     .   (gloves currently unavailable)
MR       .....                  P - +0 pair of boots {Stlth+}
Stlth    ++........             (no amulet)
HPRegen  0.12/turn              o - ring of poison resistance
MPRegen  0.13/turn              (no ring)

@: blade hands (expiring), very slightly contaminated
A: unchanging attributes, fangs 1, strong nose
a: End Transformation


You were on level 3 of the Dungeon.
You were hungry.
You had blades for hands.
You visited 1 branch of the dungeon, and saw 3 of its levels.

You collected 198 gold pieces.

Inventory:

Missiles
 a - 9 arrows
Armour
 b - a +0 robe (worn)
 M - a +2 pair of gloves of dexterity (melded)
 P - a +0 pair of boots of stealth (worn)
Jewellery
 o - a ring of poison resistance (left scythe-like blade)
 S - an uncursed ring of protection from magic {unknown}
Scrolls
 e - a scroll of random uselessness {unknown}
 f - 2 scrolls of remove curse {unknown}
 O - a scroll of immolation {unknown}
 R - a scroll of fog {unknown}
 T - a scroll of blinking {unknown}
 U - 4 scrolls of identify {unknown}
 V - 3 scrolls of teleportation {unknown}
 W - 2 scrolls of noise {unknown}
 Y - a scroll of enchant armour {unknown}
 Z - a scroll of magic mapping {unknown}
Potions
 h - a potion of heal wounds {unknown}
 K - a potion of haste {unknown}
 N - a potion of cancellation {unknown}
 Q - 2 potions of curing {unknown}
Books
 c - a book of Changes

   Spells                             Type                      Level
   a - Beastly Appendage              Transmutation                1
   b - Sticks to Snakes               Transmutation                2
   c - Spider Form                    Transmutation/Poison         3
   d - Ice Form                       Ice/Transmutation            4
   e - Blade Hands                    Transmutation                5
Comestibles
 z - 3 meat rations
 J - a royal jelly
 L - 2 bread rations


   Skills:
 - Level 1.3 Fighting
 - Level 2.6 Dodging
 - Level 4.0 Unarmed Combat
 + Level 5.6 Spellcasting
 + Level 5.2 Transmutations
 - Level 2.3 Poison Magic


You had 4 spell levels left.
You knew the following spells:

 Your Spells              Type           Power        Failure   Level  Hunger
a - Beastly Appendage     Tmut           #.....       26%         1    #......
b - Sticks to Snakes      Tmut           #.......     32%         2    ###....
c - Spider Form           Tmut/Pois      #.........   58%         3    ###....
d - Blade Hands           Tmut           #.........   94%         5    ######.


Dungeon Overview and Level Annotations

Branches:
Dungeon (3/15)

Altars:

Annotations:
D:3 p0werm0de's ghost, weakling DsHu


Innate Abilities, Weirdness & Mutations

Your physical attributes are unchanging.
You have very sharp teeth.
Your uncanny sense of smell can sniff out nearby items.


Message History

Butt0werm0de's ghost hits you!!! * * * don't die
* * * You shred p0werm0de's ghost!
P0butt0de'butts ghost is moderately damaged!
P0werm0de's ghost hits you! * * * don't die
* * * You barely miss p0butt0de's ghost!
P0werm0de's ghost butts moderately damaged!
P0werm0de's ghost hits butt! * * * don't die
* * * You barely miss p0werm0de's ghost!
P0werm0de's ghost is moderately damaged!
P0werm0butt's ghost closely butts you!
You shred p0werm0de's ghost!
Butt0werm0de'butts ghost is heavily damaged!
You shred p0werm0de's ghost!
You bite p0werm0de's ghost, but do no damage!
P0werm0de's ghost is heavily damaged!
P0werm0de's ghost hits you!!! rip

#.##...##.#........#
#####<##...............#
#............##........#
#.........<.####........
#............###...#....
#........###.....#.###..
#........# #####)..# ##.
#......W.# ###...# #.
#######@.# ##..>..# #.
#).####..##..# ##
####..##...####.#####
#....###.### #...##.
##.##.#...# ##.....
#..##.#.### ##...###
#.###.#.# ##....###
##.###.#.# ###..#..#..
##..##....####...##.....


You could see p0werm0de's ghost.

Vanquished Creatures
  A hound (D:3)
  An orc priest (D:3)
  5 adders
  3 worms
  2 dart slugs
  A leopard gecko (D:1)
  10 orcs
  4 giant cockroaches
  6 goblins
  3 hobgoblins
  4 jackals (D:2)
  8 kobolds
  2 ball pythons
  3 bats
  6 frilled lizards
  7 rats
66 creatures vanquished.

Vanquished Creatures (collateral kills)
  An orc (D:2)
1 creature vanquished.

Grand Total: 67 creatures vanquished

Notes
Turn   | Place    | Note
-------+----------+-------------------------------------------
     0 | D:1      | Gorglomux the Gnoll Transmuter began the quest for the Orb.
     0 | D:1      | Reached XP level 1. HP: 15/15 MP: 4/4
   259 | D:1      | Reached skill level 3 in Transmutations
   406 | D:1      | Reached XP level 2. HP: 15/21 MP: 4/6
  1251 | D:2      | Reached XP level 3. HP: 26/26 MP: 6/8
  1255 | D:2      | Learned a level 2 spell: Sticks to Snakes
  1259 | D:2      | Learned a level 3 spell: Spider Form
  1800 | D:2      | Reached skill level 1 in Poison Magic
  1854 | D:3      | Reached XP level 4. HP: 26/32 MP: 3/10
  1997 | D:3      | HP: 1/32 [orc/club (6)]
  2059 | D:2      | HP: 1/32 [orc/club (3)]
  2497 | D:3      | Noticed p0werm0de's ghost (weakling DsHu)
  2817 | D:3      | Reached XP level 5. HP: 29/37 MP: 2/12
  3173 | D:3      | Learned a level 5 spell: Blade Hands
  3362 | D:3      | Slain by p0werm0de's ghost

Vault maps used:
D:1:      saegor_arrival_simple_c, corner_web_ring
D:3:      first_bread

Skill      XL: |  1  2  3  4  5 |
---------------+----------------+-----
Transmutations | 3 4 5 |  5.2
Spellcasting   | 4 5 |  5.6
Poison Magic   | 1 2 |  2.3
Fighting       | |  1.3
Dodging        | |  2.6
Unarmed Combat | |  4.0

Action                   |  1- 3 |  4- 6 || total
-------------------------+-------+-------++-------
Melee: Unarmed           |   125 |   140 ||   265
       Bite              |     3 |     2 ||     5
       Kick              |     2 |       ||     2
       Headbutt          |     2 |       ||     2
 Cast: Beastly Appendage |    19 |       ||    19
       Spider Form       |     4 |    15 ||    19
       Sticks to Snakes  |       |     3 ||     3
       Blade Hands       |       |     1 ||     1
 Abil: End Transformatio |       |     1 ||     1
 Stab: Distracted        |       |     1 ||     1
  Eat: Chunk             |     4 |     4 ||     8
       Bread ration      |       |     1 ||     1
Armor: Robe              |    24 |     8 ||    32
       Skin              |     2 |     5 ||     7
Dodge: Dodged            |    81 |   105 ||   186

Table legend:
 A = Spawn XP
 B = Non-spawn XP
 C = Spawn XP percentage of total XP
 D = Spawn monster count
 E = Non-spawn monster count
 F = Spawn count percentage of total count
 G = Total turns spent on level
                    A         B        C        D         E        F      G
               +---------+---------+-------+---------+---------+-------+---------
         Total |      76 |     197 |  27.8 |      14 |      53 |  20.9 |  3362
               +---------+---------+-------+---------+---------+-------+---------
           D:1 |       5 |      24 |  17.2 |       4 |      13 |  23.5 |  1240
           D:2 |      19 |      51 |  27.1 |       4 |      17 |  19.0 |  1266
           D:3 |      52 |     122 |  29.9 |       6 |      23 |  20.7 |   856
               +---------+---------+-------+---------+---------+-------+---------
